 Dungeon Crawl Stone Soup version 0.27.1-1-g398f81649c (webtiles) character file.

Game seed: 13829081395584419586

68 FreshCat the Stinger (level 4, -2/27 HPs)
             Began as an Octopode Venom Mage on Sept 9, 2021.
             Was a Follower of Okawaru.
             Slain by an orc priest (9 damage)
             ... on level 3 of the Dungeon.
             The game lasted 00:11:56 (3873 turns).

FreshCat the Stinger (Octopode Venom Mage)          Turns: 3873, Time: 00:11:57

Health: -2/27      AC:  1    Str:  8    XL:     4   Next: 19%
Magic:  3/7        EV: 13    Int: 17    God:    Okawaru [*.....]
Gold:   159        SH:  0    Dex: 12    Spells: 4/7 levels left

rFire    . . .     SeeInvis .   j - +0 dagger
rCold    . . .     Faith    .   (no shield)
rNeg     . . .     Spirit   .   (helmet restricted)
rPois    .         Reflect  .   (no amulet)
rElec    .         Harm     .   (no ring)
rCorr    .         Rampage  .   (no ring)
Will     .....                  (no ring)
Stlth    +++.......             (no ring)
HPRegen  0.09/turn              (no ring)
MPRegen  0.10/turn              (no ring)
                                (no ring)
                                (no ring)

@: no status effects
A: almost no armour, amphibious, 8 rings, camouflage 1, gelatinous body 1,
(nimble swimmer 1), tentacles
a: Renounce Religion, Heroism


You were on level 3 of the Dungeon.
You worshipped Okawaru.
Okawaru was aware of your devotion.
You visited 1 branch of the dungeon, and saw 4 of its levels.

You collected 159 gold pieces.

Inventory:

Hand Weapons
 j - a +0 dagger (weapon)
Missiles
 c - 31 stones (quivered)
Scrolls
 b - a scroll of identify {unknown}
 e - a scroll of amnesia
 h - a scroll of noise {unknown}
Potions
 a - a potion of flight {unknown}
 f - a potion of resistance {unknown}
 g - a potion of invisibility {unknown}
 i - 2 potions of mutation {unknown}
 k - a potion of haste {unknown}


   Skills:
 + Level 0.5 Fighting
 + Level 0.1 Short Blades
 + Level 2.4 Dodging
 + Level 3.0 Stealth
 + Level 2.4 Spellcasting
 + Level 1.4 Transmutations
 + Level 0.4 Air Magic
 + Level 4.6 Poison Magic


You had 4 spell levels left.
You knew the following spells:

 Your Spells              Type           Power      Damage    Failure   Level
a - Sting                 Tmut/Pois      48%        1d5       5%          1
b - Poisonous Vapours     Pois/Air       20%        N/A       10%         2

Your spell library contained the following spells:

 Spells                   Type           Power      Damage    Failure   Level
 Sandblast                Erth           4%         2d4       19%         1
 Passwall                 Tmut/Erth      3%         N/A       22%         2
 Olgreb's Toxic Radiance  Pois           17%        N/A       26%         4
 Mephitic Cloud           Conj/Pois/Air  7%         N/A       28%         3
 Call Canine Familiar     Summ           2%         N/A       50%         3
 Portal Projectile        Hex/Tloc       4%         N/A       50%         3
 Leda's Liquefaction      Hex/Erth       1%         N/A       88%         4
 Lee's Rapid Deconstruct  Erth           1%         3d5*      99%         5


Dungeon Overview and Level Annotations

Branches:
Dungeon (4/15)
 Temple: D:4-7

Altars:
Dithmenos
Kikubaaqudgha
Okawaru
Xom


Innate Abilities, Weirdness & Mutations

You cannot wear most types of armour.
You are amphibious.
You can wear up to eight rings at the same time.
Your skin changes colour to match your surroundings (Stealth+).
Your rubbery body absorbs attacks. (AC +1, EV +1)
((You are camouflaged near water. (Stealth+)))
You have tentacles for arms and can constrict up to eight enemies at once.


Message History

Aiming: Sting (safe; 5% risk of failure)
Press: ? - help, Shift-Dir - straight line, f - orc priest
Aim: an orc priest, wielding a +0 flail (71% to hit)
The sting misses the orc priest.
The sting hits the orc but does no damage.
The orc is poisoned.
The orc priest calls upon Beogh to heal the orc.
The orc's wounds heal themselves!
Casting: Sting (safe; 5% risk of failure)
Confirm with . or Enter, or press ? or * to list all spells.
Aiming: Sting (safe; 5% risk of failure)
Press: ? - help, Shift-Dir - straight line, f/p - orc priest
Aim: an orc priest, wielding a +0 flail (71% to hit)
The sting misses the orc priest.
The sting hits the orc but does no damage.
The orc looks even sicker.
The orc priest misses you.
Unknown command.
Casting: Sting (safe; 5% risk of failure)
Confirm with . or Enter, or press ? or * to list all spells.
Aiming: Sting (safe; 5% risk of failure)
Press: ? - help, Shift-Dir - straight line, f/p - orc priest
Aim: an orc priest, wielding a +0 flail (71% to hit)
The sting hits the orc priest.
The orc priest is poisoned.
The orc priest is lightly wounded.
The orc priest mumbles some strange prayers to Beogh against you.
You barely resist.
Casting: Sting (safe; 5% risk of failure)
Confirm with . or Enter, or press ? or * to list all spells.
Aiming: Sting (safe; 5% risk of failure)
Press: ? - help, Shift-Dir - straight line, f/p - orc priest
Aim: an orc priest, wielding a +0 flail (moderately wounded, poisoned, 71% to hit)
The sting hits the orc priest.
The orc priest looks even sicker.
The orc priest is moderately wounded.
The orc priest hits you with a +0 flail!
* * * LOW HITPOINT WARNING * * *
As you read the scroll labelled CUIGY WYIRCH, it crumbles to dust.
It is a scroll of enchant armour.
You aren't carrying any armour which can be enchanted further.
The orc priest hits you with a +0 flail!
You die...

#.##### #....†. #.#.###
#.#.... #.#.._.
############.#....
#............#.###
#.##########...... #@#
#..#####
#o#########....... ###
#o................
#.#######.######..........
#.........................
#.#######.######.........#
###^### #.# #...........
#.....# #.# ###.########
#####.# #.# #.#


You could see an orc priest (very poisoned) and an orc (very poisoned).

Vanquished Creatures
  An adder (D:3)
  An ufetubus (D:3)
  An orc (D:3)
  9 ball pythons
  6 endoplasms
  3 giant cockroaches
  A goblin (D:3)
  4 hobgoblins
  6 kobolds
  A quokka (D:2)
  7 bats
  8 frilled lizards
  4 rats
52 creatures vanquished.

Vanquished Creatures (others)
  A human (D:3)
1 creature vanquished.

Grand Total: 53 creatures vanquished

Notes
Turn   | Place    | Note
-------+----------+-------------------------------------------
     0 | D:1      | FreshCat the Octopode Venom Mage began the quest for the
                  | Orb.
     0 | D:1      | Reached XP level 1. HP: 11/11 MP: 3/3
   298 | D:1      | Reached skill level 4 in Poison Magic
   348 | D:1      | Reached XP level 2. HP: 17/17 MP: 3/5
   817 | D:2      | Noticed a shining eye
  1035 | D:1      | Learned a level 2 spell: Poisonous Vapours
  1230 | D:1      | Reached XP level 3. HP: 15/21 MP: 1/6
  1990 | D:2      | Noticed a floating eye
  1998 | D:2      | Found a faded altar of an unknown god.
  2029 | D:2      | Noticed an eye of devastation
  2029 | D:2      | Noticed a great orb of eyes
  2035 | D:2      | Became a worshipper of Warmaster Okawaru
  2035 | D:2      | Reached * piety under Okawaru
  2624 | D:3      | Found a shadowy altar of Dithmenos.
  2667 | D:3      | Reached XP level 4. HP: 8/27 MP: 3/7
  3129 | D:3      | Found a shimmering altar of Xom.
  3339 | D:3      | Found an ancient bone altar of Kikubaaqudgha.
  3340 | D:3      | Noticed a human
  3342 | D:3      | Killed a human
  3873 | D:3      | Slain by an orc priest

Illustrated notes

Levels and vault maps discovered:
D:1:      lemuel_arrival_rhombus, layout_basic, minmay_cupped
D:2:      layout_basic, hellmonk_ecumenical_altar_watching_god
D:3:      layout_basic, mainiacjoe_overflow_cross_hatched, tgw_kikubaaqudgha,
          nicolae_dithmenos_shadow_blocks, grunt_decor_resistance
D:4:      layout_loops_ring, mainiacjoe_overflow_concentric_impassable,
          minmay_bent

Skill      XL: |  1  2  3 |
---------------+----------+-----
Poison Magic   | 4 |  4.6
Stealth        | 3 |  3.0
Fighting       | |  0.5
Short Blades   | |  0.1
Dodging        | |  2.4
Spellcasting   | |  2.4
Transmutations | |  1.4
Air Magic      | |  0.4

Action                   |  1- 3 |  4- 6 || total
-------------------------+-------+-------++-------
Melee: Unarmed           |    13 |       ||    13
       Whip              |    25 |       ||    25
       Constrict         |    12 |     2 ||    14
       Tentacles         |    13 |     1 ||    14
       Dagger            |     5 |     8 ||    13
Throw: Stone             |     5 |       ||     5
 Cast: Sting             |    26 |     9 ||    35
       Poisonous Vapours |    11 |     6 ||    17
  Use: Scroll            |     1 |     1 ||     2
 Stab: Sleeping          |     1 |       ||     1
Armor: Skin              |     8 |       ||     8
Dodge: Dodged            |    51 |    11 ||    62
